 Dungeon Crawl Stone Soup version 0.28-a0-1182-g381e24db82 (webtiles) character file.

Game seed: 6075338957441578988

130 lonewolfV2 the Chopper (level 5, -5/41 HPs)
             Began as a Human Cinder Acolyte on Dec 16, 2021.
             Was a Priest of Ignis.
             Slain by Terence (9 damage)
             ... on level 3 of the Dungeon.
             The game lasted 00:04:38 (2390 turns).

lonewolfV2 the Chopper (Human Cinder Acolyte)       Turns: 2390, Time: 00:04:39

Health: -5/41      AC:  9    Str: 15    XL:     5   Next: 36%
Magic:  7/7        EV: 11    Int: 14    God:    Ignis [***...]
Gold:   33         SH:  0    Dex: 10    Spells: 5/7 levels left

rFire   + . .      SeeInvis .   a - -1 hand axe (flame)
rCold   . . .      Faith    .   (no shield)
rNeg    . . .      Spirit   .   b - +0 robe
rPois   .          Reflect  .   (no helmet)
rElec   .          Harm     .   (no cloak)
rCorr   .          Rampage  .   (no gloves)
Will    .....                   (no boots)
Stlth   +.........              g - amulet of magic regeneration
HPRegen 0.13/turn               (no ring)
MPRegen 0.50/turn               (no ring)

@: fiery-armoured
A: no striking features
a: Renounce Religion, Fiery Armour, Foxfire Swarm


You were on level 3 of the Dungeon.
You worshipped Ignis.
Ignis was most pleased with you.
You visited 1 branch of the dungeon, and saw 3 of its levels.

You collected 33 gold pieces.

Inventory:

Hand Weapons
 a - a -1 hand axe of flaming (weapon)
Armour
 b - a +0 robe (worn)
Magical Staves
 e - a staff of conjuration
Jewellery
 g - an amulet of magic regeneration (around neck)
 i - a ring of ice
Scrolls
 c - a scroll of magic mapping {unknown}
 d - a scroll of noise {unknown}
 f - a scroll of identify {unknown}
 h - a scroll of brand weapon {unknown}


   Skills:
 + Level 3.5 Fighting
 + Level 3.9 Axes
 + Level 1.0 Dodging
 + Level 0.6 Stealth
 + Level 1.9 Spellcasting
 + Level 3.8 Fire Magic


You had 5 spell levels left.
You knew the following spells:

 Your Spells              Type           Power      Damage    Failure   Level
a - Scorch                Fire           24%        2d6       8%          2

Your spell library contained the following spells:

 Spells                   Type           Power      Damage    Failure   Level


Dungeon Overview and Level Annotations

Branches:
Dungeon (3/15)

Altars:

Annotations:
D:3 Terence


Message History

You kill the orc!
You barely miss the goblin. The goblin hits you with a +0 dagger.
Casting: Scorch (safe; 8% risk of failure)
Confirm with . or Enter, or press ? or * to list all spells.
Flames lash the goblin.
The goblin is heavily wounded.
The goblin's fire resistance burns away.
You hear a shout!
Terence the Incautious comes into view.
He is wielding a +0 trident and wearing a +1 scale mail of cold resistance.
The goblin barely misses you.
Your magical contamination has completely faded away.
Casting: Scorch (safe; 8% risk of failure)
Confirm with . or Enter, or press ? or * to list all spells.
Flames lash the goblin.
The goblin is burned terribly!
You kill the goblin!
Unknown command.
Terence throws a boomerang.
The boomerang hits you.
Things that are here:
a +0 whip; a +0 ring mail; an orc corpse
Things that are here:
a +0 whip; a +0 ring mail; an orc corpse Terence closely misses you.
Terence hits you with a +0 trident!
Things that are here:
a +0 whip; a +0 ring mail; an orc corpse You hit Terence.
You burn Terence.
Terence is heavily wounded.
Terence hits you with a +0 trident! x2
* * * LOW HITPOINT WARNING * * *
You barely miss Terence.
Terence is heavily wounded.
Terence closely misses you.
You barely miss Terence.
Terence is heavily wounded.
Terence hits you with a +0 trident.
* * * LOW HITPOINT WARNING * * *
A protective cloak of flame settles atop you.
Terence asks, "Do you want it fast or slow?"
Terence hits you with a +0 trident!
You die...

..........
..........
....^....
....... ..
......###..#
...)#....
#.#)).#
#@#.# #@..#
####.###
##....#
##.....##
#.......#
#.......#
#.......#
##.....##
#.<.....#


You could see Terence.

Vanquished Creatures
  Natasha (thrice) (D:2)
  An adder (D:3)
  2 worms (D:2)
  2 orcs (D:3)
  6 bats
  An endoplasm (D:1)
  2 giant cockroaches
  5 goblins
  4 hobgoblins
  2 kobolds
  A quokka (D:2)
  6 ball pythons
  4 rats
39 creatures vanquished.

Vanquished Creatures (others)
  3 foxfires (D:2)
3 creatures vanquished.

Grand Total: 42 creatures vanquished

Notes
Turn   | Place    | Note
-------+----------+-------------------------------------------
     0 | D:1      | lonewolfV2 the Human Cinder Acolyte began the quest for the
                  | Orb.
     0 | D:1      | Reached XP level 1. HP: 18/18 MP: 2/2
   155 | D:1      | Reached XP level 2. HP: 24/24 MP: 3/3
   663 | D:1      | Learned a level 2 spell: Scorch
   694 | D:1      | Found a faded altar of an unknown god.
   927 | D:2      | Reached XP level 3. HP: 27/29 MP: 2/4
  1173 | D:1      | You fall into a shaft and drop 1 floor!
  1557 | D:2      | Noticed Natasha
  1578 | D:2      | Killed Natasha
  1579 | D:2      | Reached XP level 4. HP: 2/35 MP: 4/6
  1620 | D:2      | Noticed Natasha
  1633 | D:2      | Killed Natasha
  1796 | D:2      | Noticed Natasha
  1805 | D:2      | Killed Natasha
  1806 | D:2      | Reached XP level 5. HP: 18/41 MP: 7/7
  2373 | D:3      | Reached skill level 1 in Dodging
  2376 | D:3      | Noticed Terence
  2390 | D:3      | Slain by Terence

Illustrated notes

Levels and vault maps discovered:
D:1:      sevenhm_arrival_forest_fort_small_3, layout_loops_ring,
          chequers_ecumenical_altar_simple, minmay_tetromino_t4
D:2:      layout_basic, uniq_natasha
D:3:      layout_rooms, uniq_ijyb, uniq_terence

Skill      XL: |  1  2  3  4  5 |
---------------+----------------+-----
Dodging        | 1 |  1.0
Fighting       | |  3.5
Axes           | |  3.9
Stealth        | |  0.6
Spellcasting   | |  1.9
Fire Magic     | |  3.8

Action                   |  1- 3 |  4- 6 || total
-------------------------+-------+-------++-------
Melee: Hand axe          |    65 |    21 ||    86
 Cast: Scorch            |    14 |     7 ||    21
Invok: Fiery Armour      |     2 |     2 ||     4
       Foxfire Swarm     |     1 |     1 ||     2
       Rising Flame      |     1 |       ||     1
  Use: Potion            |     1 |       ||     1
Armor: Robe              |    24 |     3 ||    27
Dodge: Dodged            |    64 |    19 ||    83

Table legend: (Time is in decaauts)
 A = Elapsed time spent in this place.
 B = Non-inter-level travel time spent in this place.
 C = Inter-level travel time spent in this place.
 D = Time resting spent in this place.
 E = Time spent auto-exploring this place.
 F = Levels seen in this place.
 G = Mean time per level.
                   A        B        C        D        E       F      G
               +--------+--------+--------+--------+--------+-----+--------+
         Total |   2409 |   2339 |     70 |    540 |   1384 |   3 |  803.0 |
       Dungeon |   2409 |   2339 |     70 |    540 |   1384 |   3 |  803.0 |
               +--------+--------+--------+--------+--------+-----+--------+

Top non-repeatable levels by time:
     D:2: 1448 daAuts
     D:1: 919 daAuts
     D:3: 41 daAuts
